 Dungeon Crawl Stone Soup version 0.30-a0-424-g7412bad402 (webtiles) character file.

Game seed: 1441830090444281735

80 NinjaNoafa the Shooter (level 4, -2/35 HPs)
             Began as a Formicid Hunter on Dec 9, 2022.
             Killed by divine providence
             ... invoked by an orc priest
              (12 damage)
             ... on level 3 of the Dungeon.
             The game lasted 00:04:05 (2465 turns).

NinjaNoafa the Shooter (Formicid Hunter)            Turns: 2465, Time: 00:04:05

Health: -2/35      AC:  3    Str: 15    XL:     4   Next: 65%
Magic:  4/4        EV: 12    Int:  9    God:
Gold:   199        SH:  0    Dex: 19    Spells: 3/3 levels left

rFire   . . .      SeeInvis +    a - +0 shortbow
rCold   . . .      Faith    .    (no shield)
rNeg    . . .      Spirit   .    c - +0 leather armour
rPois   .          Reflect  .    (helmet unavailable)
rElec   .          Harm     .    (no cloak)
rCorr   .          Rampage  .    (no gloves)
Will    .....                    (no boots)
Stlth   ++........               g - amulet of magic regeneration
HPRegen 0.25/turn                (no ring)
MPRegen 0.49/turn                (no ring)

@: no status effects
A: permanent stasis, dig shafts and tunnels, antennae 3, four strong arms
a: Dig, Shaft Self


You were on level 3 of the Dungeon.
You visited 1 branch of the dungeon, and saw 3 of its levels.

You collected 199 gold pieces.

Inventory:

Hand Weapons
 a - a +0 shortbow (weapon)
Missiles
 f - 39 stones
 l - 3 poisoned darts
Armour
 c - a +0 leather armour (worn)
Jewellery
 g - an amulet of magic regeneration (around neck)
Scrolls
 b - 2 scrolls of immolation
 h - 2 scrolls of enchant weapon {unknown}
 i - a scroll of acquirement {unknown}
 k - 2 scrolls of teleportation {unknown}
Potions
 d - a potion of curing
 e - a potion of flight {unknown}
 j - a potion of haste {unknown}
 m - 2 potions of invisibility {unknown}
 n - a potion of heal wounds {unknown}
 o - a potion of brilliance {unknown}


   Skills:
 + Level 3.0 Fighting
 + Level 4.4 Ranged Weapons
 - Level 1.2 Armour
 + Level 2.4 Dodging
 + Level 2.5 Stealth


You had 3 spell levels left.
You didn't know any spells.
Your spell library was empty.

Dungeon Overview and Level Annotations

Branches:
Dungeon (3/15)

Altars:
Qazlal

Shops:
D:3 ?


Innate Abilities, Weirdness & Mutations

You cannot be hasted, slowed, berserked, paralysed or teleported.
You can dig through walls and to a lower floor.
You have a pair of large antennae on your head. (SInv)
Your four strong arms can wield two-handed weapons with a shield.


Message History

An orc priest comes into view. It is wielding a +0 club.
You shoot an arrow. The arrow barely misses the orc.
The orc priest shouts!
You shoot an arrow. The arrow hits the orc.
The orc is moderately wounded.
You shoot an arrow. The arrow hits the orc!
You kill the orc!
The orc priest miscasts a cantrip.
Your Fighting skill increases to level 3!
The orc misses you.
You shoot an arrow. The arrow hits the orc!
You kill the orc!
Fire: a) +0 shortbow
Press: ? - help, Q - select action, (/) - cycle Shift-Dir - straight line, f - orc priest
Aim: an orc priest, wielding a +0 club and wearing a +0 leather armour (64% to hit)
You shoot an arrow. The arrow hits the orc priest.
The orc priest is moderately wounded.
You shoot an arrow. The arrow barely misses the orc priest.
The orc priest casts a cantrip, but nothing happens.
You shoot an arrow.
The arrow closely misses the orc priest.
The orc priest closely misses you.
The orc priest invokes the aid of Beogh against you.
Beogh smites you!
You are too injured to fight recklessly!
You are too injured to fight recklessly!
You shoot an arrow. The arrow hits the orc priest.
The orc priest is moderately wounded.
The orc priest calls down the wrath of Beogh upon you.
Beogh smites you!
You shoot an arrow. The arrow barely misses the orc priest.
The orc priest calls down the wrath of Beogh upon you.
Pain shoots through your body!
* * * LOW HITPOINT WARNING * * *
You shoot an arrow.
The arrow closely misses the orc priest.
The orc priest casts a cantrip, but nothing happens.
The orc priest invokes the aid of Beogh against you.
Beogh smites you!
You die...

#. #...# #.. #.
#...# #.. #) #...#
### #.
#######...##### #.
#............## #)
#............##
##.####............#
#..o.......).......#
#...@.#............#
#..........#########
#.#...###..# #.#####
#..# #. ..# # ..# .#


You could see an orc priest.

Vanquished Creatures
  2 adders
  2 dart slugs
  3 orcs (D:3)
  2 ball pythons (D:1)
  5 endoplasms
  2 giant cockroaches
  6 goblins
  A hobgoblin (D:1)
  6 jackals
  3 kobolds
  4 quokkas
  4 bats
  5 frilled lizards
  5 rats
50 creatures vanquished.

Notes
Turn   | Place    | Note
-------+----------+-------------------------------------------
     0 | D:1      | NinjaNoafa the Formicid Hunter began the quest for the Orb.
     0 | D:1      | Reached XP level 1. HP: 16/16 MP: 1/1
   123 | D:1      | Reached XP level 2. HP: 23/23 MP: 2/2
   679 | D:1      | Reached skill level 1 in Armour
   679 | D:1      | Reached XP level 3. HP: 26/28 MP: 3/3
  1810 | D:3      | Found a stormy altar of Qazlal.
  1860 | D:3      | Reached XP level 4. HP: 34/34 MP: 4/4
  2269 | D:3      | Found Quzxun's Magic Scroll Boutique.
  2465 | D:3      | Killed from afar by an orc priest

Illustrated notes

Levels and vault maps discovered:
D:1:      heliophobic_arrival_ceremonial_halls, layout_basic, nrook_uturn
D:2:      layout_basic
D:3:      layout_basic, grunt_qazlal_clouds, serial_shops, shop

Skill      XL: |  1  2  3  4 |
---------------+-------------+-----
Dodging        | 2 |  2.4
Armour         | 1 |  1.2
Stealth        | 2 |  2.5
Fighting       | 3 |  3.0
Ranged Weapons | |  4.4

Action                   |  1- 3 |  4- 6 || total
-------------------------+-------+-------++-------
 Fire: Shortbow          |   102 |    41 ||   143
 Abil: Dig               |     1 |       ||     1
  Use: Potion            |       |     1 ||     1
Armor: Leather armour    |    26 |     3 ||    29
Dodge: Dodged            |    79 |    18 ||    97

Table legend: (Time is in decaauts)
 A = Elapsed time spent in this place.
 B = Non-inter-level travel time spent in this place.
 C = Inter-level travel time spent in this place.
 D = Time resting spent in this place.
 E = Time spent auto-exploring this place.
 F = Levels seen in this place.
 G = Mean time per level.
                   A        B        C        D        E       F      G
               +--------+--------+--------+--------+--------+-----+--------+
         Total |   2510 |   2402 |    108 |      0 |   2022 |   3 |  836.7 |
       Dungeon |   2510 |   2402 |    108 |      0 |   2022 |   3 |  836.7 |
               +--------+--------+--------+--------+--------+-----+--------+

Top non-repeatable levels by time:
     D:1: 1034 daAuts
     D:2: 824 daAuts
     D:3: 651 daAuts
